AoeStats
← GAF

Arena

510089131Analyzed
1v1 RM · 4d ago on Sep 29, 2026· 30m 27s· 2 players
Game mode
Random Map
Map size
Tiny (2 player)
Population
200
Speed
Normal
Resources
Standard
Victory
Conquest
Starting age
Dark Age
Ending age
Imperial Age
RankedLock teamsTeams togetherTeam positionsShared explorationLock speedFull tech treeHidden civsTurbo modeCheats
Victory
Defeat
🇦🇺 Armenians · Australia
1188
+17
🇮🇳 Bohemians · India
1205
-17
Ken Oath
9:33 Feudal Age
13:40 Castle Age
13:19 Double-Bit Axe
13:16 Horse Collar
17:11 Fletching
21:29 Loom
22:16 Redemption
22:28 Gold Mining
24:05 Sanctity
25:00 Fervor
29:22 Imperial Age
28:38 Bodkin Arrow
GAF
11:32 Feudal Age
12:48 Loom
15:32 Castle Age
15:06 Double-Bit Axe
15:02 Horse Collar
20:46 Fervor
20:56 Sanctity
25:45 Devotion
27:13 Atonement
Connection lost

Rejoining the realm…

Still unreachable

The connection could not be restored.

Session expired

The server has moved on; the page needs a fresh start.